 Dungeon Crawl Stone Soup version 0.21.0-24-g2553a33 (webtiles) character file.

6472 pstr the Thaumaturge (level 11, -6/86 HPs)
             Began as a Naga Earth Elementalist on Jan 20, 2018.
             Was a Believer of Fedhas.
             Mangled by Salmacis's ghost (17 damage)
             ... on level 10 of the Dungeon.
             The game lasted 00:33:23 (12143 turns).

pstr the Thaumaturge (Naga Earth Elementalist)     Turns: 12143, Time: 00:33:25

Health: -6/86      AC:  8    Str: 10    XL:     11   Next: 0%
Magic:  0/24       EV: 11    Int: 23    God:    Fedhas [**....]
Gold:   642        SH:  0    Dex: 16    Spells: 13/28 levels left

rFire    . . .     SeeInvis +   y - +3 long sword
rCold    . . .     Gourm    .   (no shield)
rNeg     . . .     Faith    .   n - +0 leather armour
rPois    +         Spirit   .   (helmet restricted)
rElec    .         Reflect  .   B - scarf {repulsion}
rCorr    .         Harm     .   p - +0 pair of gloves
MR       +....                  (no barding)
Stlth    +++.......             (no amulet)
HPRegen  0.24/turn              f - +4 ring of dexterity
MPRegen  0.19/turn              u - +4 ring of intelligence

@: repel missiles, very slow
A: large, horns 2, slimy green scales 1, see invisible, blink, deformed body,
poison resistance, slowness 2, slow metabolism 1, spit poison 1, AC +3
a: Spit Poison, Blink, Fungal Bloom, Evolution, Sunlight, Renounce Religion


You were on level 10 of the Dungeon.
You worshipped Fedhas.
Fedhas was pleased with you.
You were near starving.

You visited 1 branch of the dungeon, and saw 10 of its levels.
You also visited: Ossuary.

You collected 642 gold pieces.

Inventory:

Hand Weapons
 t - a +1 dagger of venom
 y - a +3 long sword (weapon)
Missiles
 b - 254 stones (quivered)
 g - 138 arrows
Armour
 c - a +0 robe
 n - a +0 leather armour (worn)
 p - a +0 pair of gloves (worn)
 B - a scarf of repulsion (worn)
 P - a +1 cloak
Jewellery
 f - a +4 ring of dexterity (left hand)
 u - a +4 ring of intelligence (right hand)
 M - an uncursed amulet of guardian spirit {unknown}
Wands
 z - a wand of random effects (27)
 L - a wand of digging (14)
 Q - a wand of polymorph (16)
 T - a wand of paralysis (12)
Scrolls
 h - 5 scrolls of random uselessness
 i - 3 scrolls of fog
 l - 2 scrolls of amnesia
 m - 2 scrolls of blinking
 o - 5 scrolls of teleportation
 r - 5 scrolls of enchant weapon
 v - 4 scrolls of remove curse
 x - 3 scrolls of enchant armour {unknown}
 D - 6 scrolls of identify
 E - a scroll of noise {unknown}
 J - a scroll of immolation {unknown}
 N - a scroll of brand weapon {unknown}
 U - a scroll of torment {unknown}
Potions
 a - 3 potions of invisibility {unknown}
 j - 2 potions of resistance {unknown}
 k - 2 potions of cancellation
 q - 5 potions of haste
 s - 4 potions of lignification {unknown}
 w - 4 potions of curing
 A - a potion of brilliance {unknown}
 C - 3 potions of flight {unknown}
 F - 7 potions of mutation
 G - a potion of heal wounds {unknown}
 H - 5 potions of degeneration {unknown}
 I - 2 potions of ambrosia {unknown}
 K - a potion of magic {unknown}
Books
 e - a book of Geomancy

   Spells                             Type                      Level
   a - Sandblast                      Earth                        1
   b - Passwall                       Transmutation/Earth          2
   c - Stone Arrow                    Conjuration/Earth            3
   d - Petrify                        Transmutation/Earth          4
   e - Lee's Rapid Deconstruction     Earth                        5
 O - a book of Cantrips

   Spells                             Type                      Level
   a - Confusing Touch                Hexes                        1
   b - Animate Skeleton               Necromancy                   1
   c - Summon Small Mammal            Summoning                    1
   d - Apportation                    Translocation                1
 R - a book of Maledictions

   Spells                             Type                      Level
   a - Corona                         Hexes                        1
   b - Ensorcelled Hibernation        Hexes/Ice                    2
   c - Confuse                        Hexes                        3
   d - Tukima's Dance                 Hexes                        3
   e - Dazzling Spray                 Conjuration/Hexes            3
Comestibles
 d - 13 rations


   Skills:
 + Level 2.2 Fighting
 + Level 1.5 Long Blades
 + Level 3.4 Armour
 + Level 3.0 Dodging
 + Level 5.7 Stealth
 + Level 0.2 Unarmed Combat
 + Level 9.4 Spellcasting
 + Level 6.0 Conjurations
 + Level 0.3 Hexes
 + Level 1.1 Summonings
   Level 1.0 Transmutations
 + Level 9.2 Earth Magic


You had 13 spell levels left.
You knew the following spells:

 Your Spells              Type           Power        Failure   Level  Hunger
a - Sandblast             Erth           ######       1%          1    None
b - Stone Arrow           Conj/Erth      #####.       1%          3    None
c - Lee's Rapid Deconstr  Erth           ######....   4%          5    ####...
d - Apportation           Tloc           ##....       8%          1    None
e - Confusing Touch       Hex            ##....       7%          1    None
f - Summon Small Mammal   Summ           ###.         4%          1    None
g - Tukima's Dance        Hex            ##......     21%         3    None


Dungeon Overview and Level Annotations

Branches:
Dungeon (10/15)            Temple (0/1) D:6
   Lair: D:8-11         Orc: D:9-12

Altars:
Fedhas
Ru
Xom

Shops:
D:8 [([*[

Annotations:
D:10 Salmacis's ghost, journeyman FoFi


Innate Abilities, Weirdness & Mutations

You cannot wear boots.
Your serpentine skin is tough. (AC +3)
You have supernaturally acute eyesight. (SInv)
Armour fits poorly on your strangely shaped body.
Your system is resistant to poisons. (rPois)
You cover ground very slowly.
You have a slow metabolism.
You can spit poison.
You have a pair of horns on your head.
You are partially covered in slimy green scales. (AC +2)
You can translocate small distances at will.


Message History

Salmacis's ghost barely misses you.
Press: ? - help, Shift-Dir - straight line, f/p - Salmacis's ghost
Aim: Salmacis's ghost, wielding an antimagic weapon (heavily damaged)
The splash of poison misses Salmacis's ghost.
You feel slightly more hungry. Salmacis's ghost hits you!
* * * LOW HITPOINT WARNING * * *
You feel your power leaking away. Salmacis's ghost hits you!
* * * LOW HITPOINT WARNING * * *
It was a potion of mutation.
You feel extremely strange.
You feel jittery. A pair of horns grows on your head!
Slimy green scales grow over part of your body.
The horns on your head grow some more. Salmacis's ghost hits you!
* * * LOW HITPOINT WARNING * * *
It was a potion of curing.
You feel better.
You have got your breath back.
Salmacis's ghost hits you!
You die...
Fedhas appreciates your contribution to the ecosystem.

#.......# #....#
#.....### #####....#
#.....# #........###
#§##### #.####.....<
#†# #.####...... #.#
#.##........ #.#
#.##.####...
#.#########.##.#....#.
#.ooW@......##......#.
##############.#.#####
#.#.# #. #...####.
#........ #########


You could see an orc wizard, Salmacis's ghost and an orc.

Vanquished Creatures
  2 two-headed ogres
  The ghost of Suckerboh the Carver, a novice HaBe of Trog (D:6)
  Grinder (D:3)
  Prince Ribbit (D:9)
  2 hippogriffs (D:9)
  A wyvern (D:8)
  Eustachio (D:6)
  4 yaks (D:9)
  A hungry ghost (D:7)
  A water moccasin (D:7)
  3 phantoms
  2 orc warriors
  2 black bears
  5 ogres
  A centaur (D:8)
  A big kobold (D:9)
  3 bullfrogs
  A gnoll sergeant (D:6)
  3 scorpions
  2 water moccasin skeletons
  2 howler monkeys
  A crimson imp (D:9)
  A jelly (D:7)
  2 centaur skeletons (Ossuary)
  2 orc priests
  3 hounds
  2 bullfrog skeletons
  3 iguanas
  2 human skeletons (Ossuary)
  Jessica (D:3)
  Natasha (thrice) (D:2)
  3 orc wizards
  3 worker ants
  A big kobold skeleton (Ossuary)
  A hound skeleton (D:6)
  3 mummies
  14 gnolls
  15 adders
  An ooze (D:1)
  4 worms
  3 dart slugs
  4 leopard geckos
  17 orcs
  3 giant cockroaches
  16 goblins
  8 hobgoblins
  13 jackals
  3 quokkas
  7 bats
  7 frilled lizards
  2 gnoll skeletons (Ossuary)
  A hobgoblin skeleton (D:4)
  8 kobolds
  A kobold skeleton (D:4)
  An orc skeleton (Ossuary)
  4 rats
203 creatures vanquished.

Vanquished Creatures (others)
  2 worker ant zombies
  74 toadstools
76 creatures vanquished.

Grand Total: 279 creatures vanquished

Notes
Turn   | Place    | Note
-------+----------+-------------------------------------------
     0 | D:1      | pstr the Naga Earth Elementalist began the quest for the Orb.
     0 | D:1      | Reached XP level 1. HP: 15/15 MP: 3/3
   158 | D:1      | Reached XP level 2. HP: 21/22 MP: 0/5
   626 | D:1      | Reached XP level 3. HP: 22/28 MP: 4/6
   631 | D:1      | Learned a level 3 spell: Stone Arrow
  1233 | D:2      | Noticed Natasha
  1245 | D:2      | Killed Natasha
  1245 | D:2      | Reached XP level 4. HP: 29/36 MP: 0/8
  1867 | D:2      | Reached XP level 5. HP: 42/42 MP: 5/9
  2050 | D:2      | Noticed Natasha
  2447 | D:3      | Reached skill level 1 in Conjurations
  2646 | D:2      | Killed Natasha
  2794 | D:2      | HP: 2/42 [gnoll/spear (7)]
  2794 | D:2      | Reached XP level 6. HP: 2/49 MP: 4/11
  2847 | D:2      | Noticed Natasha
  2849 | D:2      | HP: 2/49 [Natasha (9)]
  2850 | D:2      | Killed Natasha
  3354 | D:3      | Noticed Grinder
  3360 | D:3      | Paralysed by Grinder for 6 turns
  3363 | D:3      | Noticed Jessica
  3372 | D:3      | Killed Grinder
  3372 | D:3      | Reached skill level 5 in Earth Magic
  3372 | D:3      | Reached XP level 7. HP: 41/56 MP: 2/13
  3373 | D:3      | Killed Jessica
  4076 | D:4      | Found a blossoming altar of Fedhas.
  4088 | D:4      | Became a worshipper of Fedhas Madash
  4161 | D:4      | Found a shimmering altar of Xom.
  4254 | D:4      | Found a sand-covered staircase.
  4302 | Ossuary  | Entered an ossuary
  4350 | Ossuary  | Reached skill level 1 in Armour
  4890 | Ossuary  | Reached skill level 5 in Spellcasting
  5087 | Ossuary  | Reached skill level 1 in Fighting
  5357 | D:4      | Reached XP level 8. HP: 64/64 MP: 7/15
  5547 | D:4      | Reached * piety under Fedhas
  5969 | D:5      | Entered Level 5 of the Dungeon
  6656 | D:5      | Found a sacrificial altar of Ru.
  7409 | D:6      | Noticed Eustachio
  7418 | D:6      | Killed Eustachio
  7418 | D:6      | Reached XP level 9. HP: 70/70 MP: 2/18
  7761 | D:6      | Noticed Suckerboh's ghost (novice HaBe)
  7761 | D:6      | Found a staircase to the Ecumenical Temple.
  7776 | D:6      | Killed Suckerboh's ghost
  8745 | D:7      | Learned a level 5 spell: Lee's Rapid Deconstruction
  8747 | D:7      | Learned a level 1 spell: Apportation
  8749 | D:7      | Learned a level 1 spell: Confusing Touch
  8751 | D:7      | Learned a level 1 spell: Summon Small Mammal
  9555 | D:8      | Found Unkeicki's Antique Armour Shoppe.
  9639 | D:8      | Reached XP level 10. HP: 58/80 MP: 11/21
  9776 | D:8      | Reached skill level 5 in Stealth
  9779 | D:8      | Found Otarilal's Armour Shoppe.
  9926 | D:8      | Found Daonenaj's Antique Weapon Boutique.
  9947 | D:8      | Learned a level 3 spell: Tukima's Dance
 10024 | D:8      | Found Buawk's General Store.
 10253 | D:8      | Noticed a two-headed ogre
 10268 | D:8      | Killed a two-headed ogre
 10268 | D:8      | Reached skill level 5 in Conjurations
 10368 | D:8      | Found Emasas's Antique Armour Shoppe.
 10768 | D:9      | Reached skill level 1 in Summonings
 10819 | D:9      | Noticed Prince Ribbit
 10827 | D:9      | Killed Prince Ribbit
 11220 | D:9      | Reached ** piety under Fedhas
 11342 | D:9      | Noticed a two-headed ogre
 11346 | D:9      | Killed a two-headed ogre
 11346 | D:9      | Reached skill level 1 in Long Blades
 12065 | D:10     | Entered Level 10 of the Dungeon
 12120 | D:10     | Noticed Salmacis's ghost (journeyman FoFi)
 12131 | D:10     | Reached XP level 11. HP: 62/86 MP: 9/24
 12142 | D:10     | Gained mutation: You can translocate small distances at will. [potion of mutation]
 12142 | D:10     | Gained mutation: You have a pair of small horns on your head. [potion of mutation]
 12142 | D:10     | Gained mutation: You are partially covered in slimy green scales. (AC +2) [potion of mutation]
 12142 | D:10     | Gained mutation: You have a pair of horns on your head. [potion of mutation]
 12142 | D:10     | HP: 1/86 [Salmacis's ghost (9)]
 12143 | D:10     | Mangled by Salmacis's ghost

Skill      XL: |  1  2  3  4  5  6  7  8  9 10 |
---------------+-------------------------------+-----
Dodging        | 2 3 |  3.0
Spellcasting   | 3 4 5 6 7 9 |  9.4
Earth Magic    | 4 5 6 8 9 |  9.2
Stealth        | 4 5 |  5.7
Conjurations   | 1 2 3 4 6 |  6.0
Armour         | 1 2 3 |  3.4
Fighting       | 1 2 |  2.2
Summonings     | 1 |  1.1
Long Blades    | 1 |  1.5
Unarmed Combat | |  0.2
Hexes          | |  0.3
Transmutations | |  1.0

Action                   |  1- 3 |  4- 6 |  7- 9 | 10-12 || total
-------------------------+-------+-------+-------+-------++-------
Melee: Unarmed           |     4 |     7 |       |       ||    11
       Dagger            |       |     1 |       |       ||     1
       Long sword        |       |     1 |       |       ||     1
 Cast: Sandblast         |    23 |    33 |    37 |    19 ||   112
       Stone Arrow       |     8 |    28 |   138 |    44 ||   218
       Lee's Rapid Decon |       |       |       |     4 ||     4
       Summon Small Mamm |       |       |       |     2 ||     2
       Tukima's Dance    |       |       |       |     1 ||     1
Invok: Fungal Bloom      |       |       |    34 |     9 ||    43
 Abil: Spit Poison       |    11 |    13 |    23 |    12 ||    59
  Use: Scroll            |       |    10 |       |       ||    10
       Potion            |       |       |       |     2 ||     2
  Eat: Chunk             |     2 |     9 |    13 |     6 ||    30
       Ration            |       |       |     2 |       ||     2
Armor: Robe              |     8 |     9 |       |       ||    17
       Leather armour    |       |     2 |    26 |     6 ||    34
Dodge: Dodged            |    16 |    35 |    38 |     8 ||    97
       Deflected         |       |       |       |     1 ||     1
       Rpst.: Long sword |       |     1 |    10 |     2 ||    13
